 Dungeon Crawl Stone Soup version 0.29.1-2-gbd0b4ee654 (webtiles) character file.

Game seed: 16961704124340812051

29 safid the Shooter (level 3, -3/31 HPs)
             Began as a Minotaur Hunter on Oct 24, 2022.
             Killed by divine providence
             ... invoked by an orc priest
              (12 damage)
             ... on level 2 of the Dungeon.
             The game lasted 00:01:40 (1410 turns).

safid the Shooter (Minotaur Hunter)                 Turns: 1410, Time: 00:01:40

Health: -3/31      AC:  6    Str: 15    XL:     3   Next: 1%
Magic:  2/2        EV: 10    Int:  6    God:
Gold:   96         SH:  0    Dex: 15    Spells: 2/2 levels left

rFire   . . .      SeeInvis .   a - +0 shortbow
rCold   . . .      Faith    .   (shield currently unavailable)
rNeg    . . .      Spirit   .   k - +0 scale mail
rPois   .          Reflect  .   (helmet restricted)
rElec   .          Harm     .   (no cloak)
rCorr   .          Rampage  .   (no gloves)
Will    .....                   (no boots)
Stlth   ..........              (no amulet)
HPRegen 0.10/turn               (no ring)
MPRegen 0.08/turn               (no ring)

@: no status effects
A: horns 2, retaliatory headbutt
a: no special abilities


You were on level 2 of the Dungeon.
You visited 1 branch of the dungeon, and saw 2 of its levels.

You collected 96 gold pieces.

Inventory:

Hand Weapons
 a - a +0 shortbow (weapon)
Armour
 k - a +0 scale mail (worn)
Scrolls
 d - 2 scrolls of enchant armour {unknown}
 e - a scroll of identify {unknown}
Potions
 f - a potion of flight {unknown}
 g - 2 potions of brilliance {unknown}
 h - 2 potions of degeneration {unknown}
 i - a potion of ambrosia {unknown}
 j - 2 potions of curing {unknown}


   Skills:
 + Level 3.5 Fighting
 + Level 5.0 Ranged Weapons
 - Level 2.1 Dodging
 - Level 0.7 Stealth


You had 2 spell levels left.
You didn't know any spells.
Your spell library contained the following spells:

 Spells                   Type           Power      Damage    Failure   Level
 Inner Flame              Hex/Fire       0%         N/A       99%         3
 Cause Fear               Hex            0%         N/A       100%        4
 Discord                  Hex            0%         N/A       100%        8


Dungeon Overview and Level Annotations

Branches:
Dungeon (2/15)

Altars:


Innate Abilities, Weirdness & Mutations

You have a pair of horns on your head.
You reflexively headbutt those who attack you in melee.


Message History

The orc shouts!
An orc priest comes into view. It is wielding a +0 flail.
No reachable target in view!
No reachable target in view!
No reachable target in view!
There are monsters nearby!
There are monsters nearby!
There are monsters nearby!
No reachable target in view!
No reachable target in view!
An orc priest comes into view. It is wielding a +0 club.
You see here a glowing clear potion.
The orc priest shouts!
An orc priest comes into view. It is wielding a +0 hand axe.
The orc priest shouts!
The orc priest moves out of view.
You see here a glowing clear potion.
An orc comes into view. It is wielding a +0 mace.
There is a shaft here.
The orc priest miscasts a cantrip.
The orc priest mumbles some strange prayers to Beogh against you.
Beogh smites you!
You shoot an arrow. The arrow barely misses the orc priest.
The arrow hits the orc priest but does no damage.
You shoot an arrow.
The arrow closely misses the orc priest.
The arrow hits the orc priest.
The orc priest is moderately wounded.
The orc priest casts a cantrip, but nothing happens.
The orc priest calls down the wrath of Beogh upon you.
Beogh smites you!
* * * LOW HITPOINT WARNING * * *
There is a shaft here.
Unknown command.
The orc priest casts a cantrip, but nothing happens.
The orc priest falls through a shaft!
The shaft crumbles and collapses.
You see here a glowing clear potion.
The orc priest invokes the aid of Beogh against you.
Beogh smites you!
You die...

.......†.....#.#.##. #...#
.###...####>........ ##### .
#...# #..#(#.#..
.###...####.[#.#.#
.#...........#.#.#
.#.#########.#.#.## ..........
#.#....# # ##.####### #.#....#
### #.# #.#..@.###+#### .... #.#
#.#...........# #### #.#
#.#.........# .# # #.#
.#....o....# .# #.# #....!....#
.# #.# !.....#.#...o.# .#
#.#############.#.....####.#
#.....................o..#.#
###############..#######...#####


You could see 2 orc priests and an orc.

Vanquished Creatures
  An adder (D:2)
  A dart slug (D:2)
  2 endoplasms
  3 goblins
  4 hobgoblins
  A kobold (D:1)
  A quokka (D:2)
  A ball python (D:1)
  A frilled lizard (D:2)
  A rat (D:1)
16 creatures vanquished.

Notes
Turn   | Place    | Note
-------+----------+-------------------------------------------
     0 | D:1      | safid the Minotaur Hunter began the quest for the Orb.
     0 | D:1      | Reached XP level 1. HP: 18/18 MP: 0/0
   636 | D:1      | Reached XP level 2. HP: 25/25 MP: 1/1
  1319 | D:2      | Reached skill level 5 in Ranged Weapons
  1319 | D:2      | Reached XP level 3. HP: 31/31 MP: 2/2
  1410 | D:2      | Killed from afar by an orc priest

Illustrated notes

Levels and vault maps discovered:
D:1:      lemuel_arrival_rhombus, layout_basic
D:2:      cheibrodos_pilgrimage, layout_basic, ebering_ecumenical_altar_rust

Skill      XL: |  1  2 |
---------------+-------+-----
Fighting       | 3 |  3.5
Ranged Weapons | 5 |  5.0
Dodging        | |  2.1
Stealth        | |  0.7

Action                   || total
-------------------------++-------
 Fire: Shortbow          ||    47
Armor: Leather armour    ||     7
Dodge: Dodged            ||    13
